 Dungeon Crawl Stone Soup version 0.29-a0-582-ge82337ba6a (webtiles) character file.

Game seed: 111504228588922705

20892 chunkyMonkey the Fighter (level 12, -14/103 HPs)
             Began as a Demigod Fighter on June 3, 2022.
             Shot with an arrow by a centaur warrior (21 damage)
             ... on level 10 of the Dungeon on June 14, 2022.
             The game lasted 00:25:46 (16952 turns).

chunkyMonkey the Fighter (Demigod Fighter)         Turns: 16952, Time: 00:25:47

Health: -14/103    AC: 13    Str: 35    XL:     12   Next: 20%
Magic:  7/23       EV: 17    Int: 17    God:
Gold:   1399       SH:  6    Dex: 13    Spells: 15/20 levels left

rFire   . . .      SeeInvis .   q - +10 spear of the Wizarding Jester {vorpal, Int+3}
rCold   + . .      Faith    .   c - +0 buckler
rNeg    . . .      Spirit   .   K - +1 acid dragon scales
rPois   .          Reflect  .   (no helmet)
rElec   .          Harm     .   v - +1 cloak of the Sea {rC+}
rCorr   +          Rampage  .   (no gloves)
Will    +....                   H - +0 pair of boots
Stlth   +.........              (no amulet)
HPRegen 0.27/turn               x - +4 ring of evasion
MPRegen 0.18/turn               d - +6 ring of strength

@: about to teleport
A: high MP 1, forlorn, divine attributes
a: no special abilities


You were on level 10 of the Dungeon.
You visited 1 branch of the dungeon, and saw 10 of its levels.
You also visited: Sewer and Bailey.

You collected 1671 gold pieces.
You spent 272 gold pieces at shops.

Inventory:

Hand Weapons
 a - a +0 war axe
 f - a +2 dagger of venom
 h - a +2 dagger of freezing
 q - the +10 spear of the Wizarding Jester (weapon) {vorpal, Int+3}
   (You found it on level 3 of the Dungeon)

   It inflicts extra damage upon your enemies.
   Int:       It affects your intelligence (+3).
 F - the +6 flail "Mesi Nio" {flame, Will+ SInv}
   (You found it on level 7 of the Dungeon)

   It burns those it strikes, dealing additional fire damage.
   SInv:      It lets you see invisible.
   Will:      It increases your willpower.
 P - the +7 morningstar "Necrom" {freeze, Fragile rPois rF+ rN++}
   (You found it in a bailey)

   It freezes those it strikes, dealing additional cold damage.
   It can also slow down cold-blooded creatures.
   rF:        It protects you from fire.
   rPois:     It protects you from poison.
   rN:        It greatly protects you from negative energy.
   Fragile:   It will be destroyed if unequipped.
Missiles
 p - 24 poisoned darts (quivered)
 D - 10 curare-tipped darts
 M - 2 throwing nets
Armour
 c - a +0 buckler (worn)
 v - the +1 cloak of the Sea (worn) {rC+}
   (You acquired it in a bailey)

   rC:        It protects you from cold.
 B - a +1 scale mail of cold resistance
 H - a +0 pair of boots (worn)
 K - +1 acid dragon scales (worn)
Jewellery
 d - a +6 ring of strength (right hand)
 x - a +4 ring of evasion (left hand)
 C - a ring of flight
 T - a ring of magical power
Wands
 r - a wand of polymorph (24)
 G - a wand of mindburst (25)
 I - a wand of paralysis (2)
 N - a wand of acid (1)
 V - a wand of digging (5)
Scrolls
 i - 3 scrolls of silence
 k - 3 scrolls of enchant weapon
 l - a scroll of torment
 n - a scroll of brand weapon
 o - 6 scrolls of teleportation
 w - a scroll of summoning
 y - 2 scrolls of poison
 z - 2 scrolls of fog
 J - a scroll of fear
 L - 2 scrolls of magic mapping
 R - a scroll of immolation
 S - a scroll of blinking
Potions
 b - 3 potions of flight {unknown}
 e - 2 potions of brilliance {unknown}
 g - 6 potions of attraction {unknown}
 j - 3 potions of curing {unknown}
 m - 4 potions of cancellation {unknown}
 s - 5 potions of heal wounds
 t - a potion of resistance {unknown}
 u - 3 potions of haste {unknown}
 A - 3 potions of mutation {unknown}
 E - a potion of ambrosia {unknown}
 O - a potion of might
 Q - a potion of degeneration {unknown}
Miscellaneous
 U - a box of beasts


   Skills:
 * Level 8.4 Fighting
 * Level 8.2 Axes
 * Level 8.4 Armour
 + Level 5.4 Dodging
 * Level 8.3 Shields
 + Level 4.9 Spellcasting
 + Level 5.2 Transmutations
 + Level 1.1 Poison Magic


You had 15 spell levels left.
You knew the following spells:

 Your Spells              Type           Power      Damage    Failure   Level
a - Beastly Appendage     Tmut           44%        N/A       2%          1
b - Wereblood             Tmut           22%        N/A       3%          2
c - Poisonous Vapours     Pois/Air       12%        N/A       24%         2

Your spell library contained the following spells:

 Spells                   Type           Power      Damage    Failure   Level
 Spider Form              Tmut/Pois      15%        N/A       16%         3
 Magic Dart               Conj           16%        1d3       21%         1
 Ignite Poison            Fire/Tmut/Pois 11%        N/A       26%         3
 Searing Ray              Conj           8%         2d4       30%         2
 Static Discharge         Conj/Air       4%         N/A       30%         2
 Mephitic Cloud           Conj/Pois/Air  5%         N/A       45%         3
 Blade Hands              Tmut           11%        N/A       54%         5
 Corpse Rot               Necr/Pois/Air  5%         N/A       86%         4
 Animate Armour           Summ/Erth      8%         N/A       90%         4
 Dispel Undead            Necr           4%         3d7       90%         4
 Fulminant Prism          Conj/Hex       2%         3d6       90%         4
 Sticky Flame             Conj/Fire      4%         2d3       90%         4
 Freezing Cloud           Conj/Ice/Air   2%         6-21      99%         5
 Iron Shot                Conj/Erth      2%         9d2       100%        6


Dungeon Overview and Level Annotations

Branches:
Dungeon (10/15)            Temple (0/1) D:4            Lair (0/6) D:8
  Sewer (visited)          Bailey (visited)
    Orc: D:9-12

Shops:
D:2 !   D:9 ?

Annotations:
D:2 1 runed translucent door, Crazy Yiuf


Innate Abilities, Weirdness & Mutations

You have an increased reservoir of magic. (+10% MP)
You shall have no god before yourself.
Your divine heritage dramatically boosts your attributes as you level up.


Message History

The wraith is severely damaged.
The wraith hits you! The wraith drains your vigour!
You feel as though you will be slow longer.
You hit the wraith but do no damage.
The wraith is severely damaged.
The wraith hits you but does no damage.
You closely miss the wraith.
The wraith is severely damaged.
The wraith barely misses you. You block the wraith's attack.
You puncture the wraith!
You destroy the wraith!
You start resting.
A four-headed hydra is nearby!
A four-headed hydra is nearby!
A four-headed hydra is nearby!
A four-headed hydra is nearby!
Things that are here:
a +0 dagger; a +0 robe You feel yourself speed up.
A centaur warrior comes into view.
It is wielding a +5 shortbow of flaming.
The centaur warrior shouts!
You hear a shout!
The centaur warrior shoots an arrow.
The arrow hits you. The arrow burns you.
The centaur warrior shoots an arrow.
The arrow misses you.
The centaur warrior shoots an arrow.
The arrow hits you! The arrow burns you.
A cyclops comes into view.
The cyclops shouts!
The centaur warrior shoots an arrow.
The arrow closely misses you.
The centaur warrior shoots an arrow.
The arrow hits you! The arrow burns you.
The centaur warrior shoots an arrow.
The arrow hits you!
* * * LOW HITPOINT WARNING * * *
The arrow burns you.
* * * LOW HITPOINT WARNING * * *
As you read the scroll of teleportation, it crumbles to dust.
You feel strangely unstable.
The centaur warrior shoots an arrow.
The arrow hits you!
* * * LOW HITPOINT WARNING * * *
The arrow burns you.
* * * LOW HITPOINT WARNING * * *
The centaur warrior shoots an arrow.
The arrow hits you!!
You die...

#......#..# .##.
#####......##... ...
#...'.......##..# .#
#.###..C#'#..##... # #.#
#.........###.# #.#
#...c.....# .. #.#
#......##.# #.#
#.##...##.# #.#
#.##@..##.#
##.###.##...##.#
#..............########
#
######................##
# #.................##
#........########.)##
#........# ##)..
#........# ####
#........#


You could see a centaur warrior and a cyclops.

Vanquished Creatures
  A two-headed ogre (D:10)
  Pikel (D:7)
  A harpy (D:9)
  2 orc sorcerers (Bailey)
  A manticore (D:9)
  A kobold demonologist (D:9)
  Maggie (D:8)
  A troll (D:9)
  2 hornets
  A shadow (D:6)
  3 wyverns
  2 wraiths (D:10)
  9 yaks
  A vampire mosquito (D:9)
  2 wargs (D:8)
  2 water moccasins
  Pargi (Sewer)
  16 orc warriors
  An ice beast (D:6)
  2 sky beasts (D:7)
  3 black bears
  An ogre (D:5)
  3 centaurs
  3 lemures (D:7)
  7 kobold brigands (D:9)
  6 scorpions
  A bullfrog (D:8)
  10 wights
  A howler monkey (D:9)
  8 electric eels
  2 hounds
  3 jellies
  A gnoll shaman (D:8)
  2 orc priests
  5 iguanas
  11 orc wizards
  7 gnolls
  11 river rats (D:6)
  7 adders
  2 shadow imps (D:9)
  2 white imps
  A worm (D:2)
  A dart slug (D:5)
  43 orcs
  11 ball pythons
  3 bats
  5 endoplasms
  3 giant cockroaches
  17 goblins
  16 hobgoblins
  18 jackals
  13 quokkas
  11 frilled lizards
  35 kobolds
  9 kobold skeletons (D:9)
  9 kobold zombies (D:9)
  22 rats
364 creatures vanquished.

Vanquished Creatures (others)
  6 plants
6 creatures vanquished.

Grand Total: 370 creatures vanquished

Notes
Turn   | Place    | Note
-------+----------+-------------------------------------------
     0 | D:1      | chunkyMonkey the Demigod Fighter began the quest for the
                  | Orb.
     0 | D:1      | Reached XP level 1. HP: 18/18 MP: 3/3
   936 | D:1      | Reached XP level 2. HP: 15/25 MP: 4/4
  2004 | D:1      | Reached XP level 3. HP: 29/31 MP: 5/5
  2948 | D:2      | Found Atuzxuga's Distillery.
  3023 | D:2      | Found a runed translucent door.
  3024 | D:2      | Noticed Crazy Yiuf
  3690 | D:3      | Reached XP level 4. HP: 32/38 MP: 7/7
  4456 | D:3      | Identified the +10 spear of the Wizarding Jester {vorpal,
                  | Int+3}
  4512 | D:4      | Reached skill level 1 in Dodging
  4512 | D:4      | Reached skill level 1 in Spellcasting
  4512 | D:4      | Reached XP level 5. HP: 38/45 MP: 7/9
  4703 | D:4      | Learned a level 1 spell: Beastly Appendage
  4721 | D:4      | Learned a level 2 spell: Wereblood
  5385 | D:4      | Found a staircase to the Ecumenical Temple.
  5474 | D:4      | Reached XP level 6. HP: 50/52 MP: 10/10
  5772 | D:5      | Entered Level 5 of the Dungeon
  5994 | D:5      | Reached skill level 1 in Transmutations
  6797 | D:5      | Reached XP level 7. HP: 59/59 MP: 12/12
  7046 | D:6      | Identified a scroll of acquirement
  7052 | D:6      | Acquired 1043 gold pieces
  7069 | D:6      | Noticed a yak
  7069 | D:6      | Noticed a yak
  7069 | D:6      | Noticed a yak
  7089 | D:5      | Killed a yak
  7463 | D:6      | Noticed a shadow
  7485 | D:6      | Killed a shadow
  7487 | D:6      | Found a glowing drain.
  7504 | Sewer    | Entered a sewer
  7567 | Sewer    | Noticed Pargi
  7574 | Sewer    | Killed Pargi
  7708 | D:6      | Reached XP level 8. HP: 44/67 MP: 12/14
  8337 | D:6      | Reached skill level 5 in Fighting
  8555 | D:6      | Reached skill level 5 in Shields
  8565 | D:6      | Reached skill level 5 in Armour
  9051 | D:6      | Reached skill level 5 in Axes
  9518 | D:7      | Identified the +6 flail "Mesi Nio" {flame, Will+ SInv}
  9733 | D:7      | Reached XP level 9. HP: 74/74 MP: 16/16
  9938 | D:7      | Noticed Pikel
  9974 | D:7      | Paralysed by Pikel for 5 turns
  9986 | D:7      | Killed Pikel
 11309 | D:8      | Found a staircase to the Lair.
 11334 | D:8      | Noticed Maggie
 11344 | D:8      | Killed Maggie
 11718 | D:8      | Reached XP level 10. HP: 40/84 MP: 15/18
 12404 | D:8      | Upgraded the game from 0.29-a0-542-g075992c915 to
                  | 0.29-a0-582-ge82337ba6a
 12431 | D:9      | Noticed a manticore
 12434 | D:9      | Noticed a harpy
 12434 | D:9      | a manticore changed into a harpy
 12441 | D:9      | Killed a harpy
 12961 | D:9      | Found a flagged portal.
 12999 | Bailey   | Entered a bailey
 14363 | Bailey   | Acquired the +1 cloak of the Sea {rC+}
 14577 | Bailey   | Noticed an orc sorcerer
 14577 | Bailey   | Noticed an orc sorcerer
 14590 | Bailey   | Paralysed by an orc sorcerer for 3 turns
 14596 | Bailey   | Killed an orc sorcerer
 14620 | Bailey   | HP: 1/81 [orc sorcerer/bolt of negative energy (33)]
 14621 | Bailey   | Killed an orc sorcerer
 15121 | Bailey   | Identified the +7 morningstar "Necrom" {freeze, Fragile
                  | rPois rF+ rN++}
 15326 | Bailey   | Reached skill level 5 in Dodging
 15326 | Bailey   | Reached skill level 5 in Transmutations
 15326 | Bailey   | Reached XP level 11. HP: 93/93 MP: 19/21
 15337 | Bailey   | Learned a level 2 spell: Poisonous Vapours
 15525 | D:9      | Reached XP level 12. HP: 87/102 MP: 20/22
 15631 | D:9      | Found Bolador's Magic Scroll Shop.
 15640 | D:9      | Bought a scroll of teleportation for 48 gold pieces
 15640 | D:9      | Bought a scroll of blinking for 120 gold pieces
 15640 | D:9      | Bought a scroll of teleportation for 48 gold pieces
 15640 | D:9      | Bought a scroll of magic mapping for 56 gold pieces
 16753 | D:10     | Entered Level 10 of the Dungeon
 16864 | D:10     | Noticed a four-headed hydra
 16887 | D:10     | Reached skill level 1 in Poison Magic
 16892 | D:10     | Noticed a two-headed ogre
 16926 | D:10     | Killed a two-headed ogre
 16947 | D:10     | Noticed a centaur warrior
 16952 | D:10     | Shot with an arrow by a centaur warrior

Illustrated notes

Levels and vault maps discovered:
D:1:      minmay_arrival_five_plusses, layout_basic, minmay_hexomino_p4
D:2:      layout_rooms, serial_shops, shop_fountains,
          shapermc_ecumenical_altar_pompeii, chequers_arboretum,
          minmay_lizard_king, uniq_crazy_yiuf_cottage
D:3:      layout_loops_ring, nrook_mini_vaults, st_stairs_5
D:4:      layout_rooms, makhleb_heckhound_becter,
          minmay_temple_entry_gardened_gates, grunt_ministairs_15,
          chequers_serial_rivers_small_b, kennysheep_big_empty_room,
          grunt_tough_drop
D:5:      layout_cave_pools
D:6:      lemuel_ratsnest, layout_loops_cross, portal_sewer_entry_a
D:7:      layout_basic, uniq_pikel
D:8:      layout_basic, erik_lair_orcish_takeover, uniq_maggie
D:9:      wander_kiku_kobolds, layout_basic, enter_bailey_6, serial_shops,
          nicolae_lakefront_shop, minmay_mirror_moons_of_madness
D:10:     minmay_the_grid_octo_tiled_squarecenter [minmay_the_grid_octo_shrine,
          minmay_the_grid_octo_clover_2, minmay_the_grid_octo_tetromino_candy,
          minmay_the_grid_octo_odd_swirl,
          minmay_the_grid_square_5x5_megaprize_open,
          minmay_the_grid_square_5x5_inner_v,
          minmay_the_grid_square_5x5_half_checkered,
          minmay_the_grid_square_5x5_hollow_slash,
          minmay_the_grid_square_5x5_hourglass], layout_basic, special_room
          [special_room_orc]

Skill      XL: |  1  2  3  4  5  6  7  8  9 10 11 12 |
---------------+-------------------------------------+-----
Axes           | 2 3 4 5 6 7 8 |  8.2
Fighting       | 3 4 5 6 8 |  8.4
Shields        | 3 4 5 6 8 |  8.3
Armour         | 3 4 5 6 8 |  8.4
Dodging        | 1 2 3 5 |  5.4
Spellcasting   | 1 2 3 4 |  4.9
Transmutations | 1 2 3 5 |  5.2
Poison Magic   | 1 |  1.1

Action                   |  1- 3 |  4- 6 |  7- 9 | 10-12 || total
-------------------------+-------+-------+-------+-------++-------
Melee: War axe           |   180 |    27 |       |       ||   207
       Spear             |       |    90 |   296 |   291 ||   677
       Dagger            |       |       |     7 |       ||     7
       Kick              |       |       |    33 |    56 ||    89
       Headbutt          |       |       |    19 |    35 ||    54
       Flail             |       |       |     3 |       ||     3
Throw: Dart              |       |       |       |     2 ||     2
 Cast: Beastly Appendage |       |       |    27 |    26 ||    53
       Wereblood         |       |       |     2 |    24 ||    26
       Poisonous Vapours |       |       |       |    23 ||    23
Evoke: Wand              |       |       |     8 |    17 ||    25
  Use: Potion            |       |     1 |       |     1 ||     2
       Scroll            |       |       |     7 |     7 ||    14
 Stab: Paralysed         |       |       |     5 |       ||     5
Armor: Scale mail        |    96 |    29 |       |       ||   125
       Chain mail        |       |    27 |    61 |       ||    88
       Acid dragon scale |       |       |     7 |    66 ||    73
Dodge: Dodged            |   105 |    32 |   113 |   209 ||   459
Block: Buckler           |    39 |    18 |    53 |    74 ||   184

Table legend: (Time is in decaauts)
 A = Elapsed time spent in this place.
 B = Non-inter-level travel time spent in this place.
 C = Inter-level travel time spent in this place.
 D = Time resting spent in this place.
 E = Time spent auto-exploring this place.
 F = Levels seen in this place.
 G = Mean time per level.
                   A        B        C        D        E       F      G
               +--------+--------+--------+--------+--------+-----+--------+
         Total |  17077 |  16856 |    221 |   7335 |   6888 |  12 | 1423.1 |
       Dungeon |  14568 |  14347 |    221 |   5754 |   6426 |  10 | 1456.8 |
         Sewer |    163 |    163 |      0 |     15 |    105 |   1 |  163.0 |
        Bailey |   2346 |   2346 |      0 |   1566 |    356 |   1 | 2346.0 |
               +--------+--------+--------+--------+--------+-----+--------+

Top non-repeatable levels by time:
     D:1: 2651 daAuts
  Bailey: 2346 daAuts
     D:9: 1991 daAuts
     D:6: 1906 daAuts
     D:7: 1854 daAuts
     D:5: 1613 daAuts
     D:4: 1301 daAuts
     D:8: 1121 daAuts
     D:3: 1035 daAuts
     D:2: 876 daAuts
    D:10: 215 daAuts
   Sewer: 163 daAuts
